AoeStats
← ladiesman217

Black Forest

503717013Analyzed
4v4 RM · 1mo ago on Sep 2, 2026· 43m 41s· 8 players
Game mode
Random Map
Map size
Large (8 player)
Population
200
Speed
Normal
Resources
Standard
Victory
Conquest
Starting age
Dark Age
Ending age
Imperial Age
RankedLock teamsTeams togetherTeam positionsShared explorationLock speedFull tech treeHidden civsTurbo modeCheats
Victory
Defeat
🇺🇸 Italians · United States
866
+10
🇺🇸 Khitans · United States
835
+11
🇨🇱 Khmer · Chile
763
+15
🇺🇸 Britons · United States
705
+17
🇵🇱 Burgundians · Poland
782
-16
756
-14
🇺🇸 Aztecs · United States
752
-14
🇬🇧 Spanish · United Kingdom
638
-9
Kagrenak
0:30 Loom
2:34 Wheelbarrow
16:06 Fishing Lines
19:26 Feudal Age
19:02 Double-Bit Axe
20:47 Hand Cart
23:20 Gillnets
28:22 Stone Mining
32:24 Castle Age
31:51 Stone Shaft Mining
31:32 Bow Saw
36:04 Two-Man Saw
35:34 Burgundian Vineyards
39:45 Forging
40:20 Gold Mining
41:16 Scale Barding Armor
pickardit
0:35 Loom
13:33 Feudal Age
18:48 Castle Age
19:29 Double-Bit Axe
25:10 Man-at-Arms
26:16 Long Swordsman
27:22 Scale Mail Armor
27:24 Elite Skirmisher
29:47 Chain Mail Armor
31:15 Forging
32:04 Wheelbarrow
31:24 Horse Collar
32:37 Bow Saw
33:25 Hand Cart
33:47 Iron Casting
34:44 Heavy Plow
37:59 Imperial Age
36:49 Atlatl
36:59 Arson
38:01 Capped Ram
38:18 Two-Handed Swordsman
39:26 Conscription
39:03 Siege Ram
39:51 Squires
40:27 Plate Mail Armor
41:09 Blast Furnace
41:25 Champion
Watermelon Sugar Vapeeee
12:56 Feudal Age
15:25 Double-Bit Axe
18:10 Castle Age
18:31 Horse Collar
20:16 Wheelbarrow
19:09 Man-at-Arms
20:04 Double-Bit Axe
26:47 Crossbowman
27:32 Elite Skirmisher
28:48 Fletching
28:59 Padded Archer Armor
29:24 Elite Skirmisher
33:34 Thumb Ring
33:47 Thumb Ring
37:19 Bloodlines
41:34 Imperial Age
39:22 Hand Cart
39:45 Husbandry
40:04 Stone Mining
40:56 Gold Mining
41:31 Heavy Plow
41:50 Bow Saw
ladiesman217
8:33 Loom
15:21 Feudal Age
15:33 Man-at-Arms
18:56 Horse Collar
20:35 Double-Bit Axe
Dumbzie
0:32 Loom
13:05 Feudal Age
21:38 Castle Age
20:28 Stone Mining
20:27 Double-Bit Axe
20:34 Gold Mining
20:28 Horse Collar
33:08 Imperial Age
31:01 Bow Saw
31:41 Heavy Plow
32:19 Gold Shaft Mining
32:00 Caravan
32:57 Wheelbarrow
33:20 Town Watch
33:53 Hand Cart
34:02 Hand Cart
35:05 Two-Man Saw
35:16 Padded Archer Armor
35:07 Fletching
36:16 Leather Archer Armor
36:43 Ballistics
37:24 Chemistry
36:24 Bodkin Arrow
37:54 Ring Archer Armor
37:36 Town Patrol
37:56 Elite Longbowman
38:57 Conscription
39:53 Bracer
40:04 Forging
39:54 Scale Mail Armor
40:11 Fortified Wall
42:38 Iron Casting
42:19 Chain Mail Armor
Aizawa
6:56 Loom
10:28 Feudal Age
12:35 Domestication
17:46 Castle Age
15:39 Double-Bit Axe
19:41 Forging
19:26 Light Cavalry
20:23 Pastoralism
26:30 Wheelbarrow
26:02 Gold Mining
26:03 Stone Mining
26:11 Stone Mining
27:18 Bow Saw
27:45 Stone Shaft Mining
28:40 Iron Casting
33:00 Imperial Age
30:34 Town Watch
31:51 Hand Cart
31:38 Town Patrol
32:19 Scale Barding Armor
33:17 Scale Mail Armor
35:10 Siege Engineers
35:35 Treadmill Crane
36:54 Murder Holes
36:58 Fletching
37:27 Masonry
37:35 Bodkin Arrow
38:19 Squires
38:04 Arson
39:06 Conscription
38:53 Lamellar Armor
39:26 Ballistics
38:34 Elite Liao Dao
39:28 Bracer
40:16 Fortified Wall
41:32 Chemistry
41:02 Chain Mail Armor
41:07 Chain Barding Armor
Laxbrody4
8:41 Loom
11:21 Feudal Age
11:47 Double-Bit Axe
13:58 Horse Collar
19:14 Castle Age
17:15 Fletching
20:45 Heavy Plow
21:15 Bodkin Arrow
23:09 Padded Archer Armor
25:01 Leather Archer Armor
35:04 Imperial Age
33:18 Gold Mining
34:09 Wheelbarrow
34:24 Ballistics
35:33 Murder Holes
38:20 Bloodlines
38:20 Scale Barding Armor
38:25 Forging
38:16 Bracer
38:45 Husbandry
38:33 Light Cavalry
40:09 Chain Barding Armor
39:19 Hussar
41:46 Iron Casting
42:42 Plate Barding Armor
nperezb
1:28 Loom
20:03 Feudal Age
20:49 Man-at-Arms
33:00 Castle Age
31:58 Double-Bit Axe
32:03 Horse Collar
37:18 Long Swordsman
42:14 Town Watch
Connection lost

Rejoining the realm…

Still unreachable

The connection could not be restored.

Session expired

The server has moved on; the page needs a fresh start.